 Dungeon Crawl Stone Soup version 0.28.0-53-g5a82cb258f (webtiles) character file.

Game seed: 17336457102790791589

186 LynnLen the Sneak (level 5, -5/28 HPs)
             Began as a Vampire Enchanter on Aug 17, 2022.
             Slain by an ogre
             ... wielding a +0 giant spiked club
              (13 damage)
             ... on level 4 of the Dungeon.
             The game lasted 00:08:50 (3811 turns).

LynnLen the Sneak (Vampire Enchanter)               Turns: 3811, Time: 00:08:50

Health: -5/28      AC:  8    Str:  7    XL:     5   Next: 38%
Magic:  5/8        EV: 12    Int: 17    God:
Gold:   186        SH:  0    Dex: 17    Spells: 3/8 levels left

rFire   . . .      SeeInvis +   a - +2 dagger
rCold   + + .      Faith    .   (no shield)
rNeg    + + +      Spirit   .   b - +1 robe
rPois   ∞          Reflect  .   k - +0 helmet
rElec   .          Harm     .   j - +2 cloak
rCorr   .          Rampage  .   e - +0 pair of gloves
Will    .....                   (no boots)
Stlth   ++++++....              (no amulet)
HPRegen 0.00/turn               (no ring)
MPRegen 0.11/turn               (no ring)

@: very slightly contaminated, bloodless, inhibited regen, invisible
A: bloodless, fangs 3, see invisible, vampiric 2
a: Bat Form, Revivify


You were on level 4 of the Dungeon.
You visited 1 branch of the dungeon, and saw 4 of its levels.

You collected 186 gold pieces.

Inventory:

Hand Weapons
 a - a +2 dagger (weapon)
Missiles
 f - 82 stones
 i - 5 poisoned darts
 o - a throwing net
Armour
 b - a +1 robe (worn)
 e - a +0 pair of gloves (worn)
 g - a +0 leather armour
 j - a +2 cloak (worn)
 k - a +0 helmet (worn)
Scrolls
 m - a scroll of amnesia {unknown}
Potions
 d - a potion of haste
 h - a potion of lignification
 l - 2 potions of attraction {unknown}
 n - 2 potions of cancellation {unknown}


   Skills:
 + Level 4.2 Short Blades
 - Level 2.1 Dodging
 + Level 7.4 Stealth
 - Level 2.0 Spellcasting
 - Level 4.4 Hexes


You had 3 spell levels left.
You knew the following spells:

 Your Spells              Type           Power      Damage    Failure   Level
a - Confusing Touch       Hex            16%        N/A       10%         3
b - Ensorcelled Hibernat  Hex/Ice        18%        N/A       12%         2

Your spell library contained the following spells:

 Spells                   Type           Power      Damage    Failure   Level
 Tukima's Dance           Hex            16%        N/A       10%         3
 Foxfire                  Conj/Fire      4%         2x1d4     19%         1
 Dazzling Flash           Conj/Hex       18%        N/A       24%         3
 Inner Flame              Hex/Fire       9%         N/A       24%         3
 Passwall                 Tmut/Erth      0%         N/A       28%         2
 Conjure Flame            Conj/Fire      1%         6-21      50%         3
 Swiftness                Air            1%         N/A       50%         3
 Flame Wave               Conj/Fire      1%         2d4       88%         4


Dungeon Overview and Level Annotations

Branches:
Dungeon (4/15)
 Temple: D:4-7

Altars:


Innate Abilities, Weirdness & Mutations

You do not regenerate when monsters are visible.
You are frail without blood (-20% HP).
You can heal yourself when you bite living creatures.
You are immune to poison.
You have razor-sharp teeth.
You have supernaturally acute eyesight. (SInv)
You are afflicted with vampirism and can become a bat while bloodless.


Message History

You bite the ball python, and draw its blood!
You perforate the ball python like a sieve!!!
You kill the ball python!
You now have 161 gold pieces (gained 6).
m - a scroll labelled BEBECE GUWNYFEC You now have 179 gold pieces (gained 18).
Found 24 stones.
f - 82 stones (gained 24)
A quokka comes into view.
Found 7 gold pieces.
Found a stone staircase leading down.
A quokka is nearby!
Found a stone staircase leading down.
The helpless quokka fails to defend itself.
You bite the quokka, and draw its blood!
You skewer the quokka like a kebab!!!
You kill the quokka!
Found a throwing net and a rapier.
You now have 186 gold pieces (gained 7).
You see here a quokka corpse.
Found a robe.
o - a throwing net An ogre comes into view.
It is wielding a +0 giant spiked club.
Found 6 gold pieces.
The ogre shouts!
Aiming: Ensorcelled Hibernation (safe; 12% risk of failure)
Press: ? - help, Q - select action, (/) - cycle Shift-Dir - straight line, f - ogre
Aim: an ogre, wielding a +0 giant spiked club (chance to affect: 43%)
You miscast Ensorcelled Hibernation.
You are very lightly contaminated with residual magic.
Nothing appears to happen.
Aiming: Ensorcelled Hibernation (safe; 12% risk of failure)
Press: ? - help, Q - select action, (/) - cycle Shift-Dir - straight line, f/p - ogre
Aim: an ogre, wielding a +0 giant spiked club (chance to affect: 43%)
The ogre resists with some effort.
The ogre hits you with a +0 giant spiked club!!
Ouch! That really hurt!
* * * LOW HITPOINT WARNING * * *
You fade into invisibility!
The ogre hits you with a +0 giant spiked club!
You die...

.# #.# .. #)# .# .# #.# O#
.# #.# .# .# #.# #######.#
.# ##.# ##.......# #.#
##..#####.....##.# ###
..####>...@O..........#
..###......†######...[.####
#.#.#...#...######...##
#.##.#.>...........##
#.##.###...#########
#####.##.####.##
..............#
.#######.###### .# #.#


You could see an ogre (wandering).

Vanquished Creatures
  3 orc priests (D:3)
  A howler monkey skeleton (D:3)
  3 adders (D:2)
  A worm (D:3)
  4 orcs (D:3)
  2 bats
  6 endoplasms
  A giant cockroach (D:1)
  2 goblins
  2 hobgoblins
  4 jackals (D:3)
  5 kobolds
  2 quokkas
  12 ball pythons
  5 frilled lizards
  2 rats
55 creatures vanquished.

Vanquished Creatures (others)
  A toadstool (D:1)
1 creature vanquished.

Grand Total: 56 creatures vanquished

Notes
Turn   | Place    | Note
-------+----------+-------------------------------------------
     0 | D:1      | LynnLen the Vampire Enchanter began the quest for the Orb.
     0 | D:1      | Reached XP level 1. HP: 13/13 MP: 3/3
   776 | D:1      | Reached XP level 2. HP: 15/15 MP: 5/5
  1041 | D:1      | Reached skill level 5 in Stealth
  1977 | D:2      | Gained mutation: You are afflicted with vampirism and can
                  | become a bat while bloodless. [Vampire growth]
  1977 | D:2      | Reached XP level 3. HP: 19/19 MP: 6/6
  1981 | D:2      | Learned a level 3 spell: Confusing Touch
  1984 | D:2      | Learned a level 2 spell: Ensorcelled Hibernation
  2146 | D:2      | Found a faded altar of an unknown god.
  2272 | D:2      | Reached skill level 6 in Stealth
  2571 | D:3      | Reached XP level 4. HP: 24/24 MP: 7/7
  2614 | D:3      | Reached skill level 7 in Stealth
  2614 | D:3      | Reached XP level 5. HP: 28/28 MP: 8/8
  3798 | D:4      | Noticed an ogre
  3811 | D:4      | Slain by an ogre

Illustrated notes

Levels and vault maps discovered:
D:1:      nagdon_arrival_zigzag_paths, layout_loops_corners
D:2:      layout_loops_ring, chequers_ecumenical_altar_simple_redux
D:3:      layout_basic, serial_rivers, chequers_serial_rivers_small_3,
          chequers_serial_rivers_small_b, chequers_serial_rivers_micro_e,
          chequers_serial_rivers_micro_b, chequers_serial_rivers_room_b,
          chequers_serial_rivers_small_a
D:4:      layout_loops_ring

Skill      XL: |  1  2  3  4  5 |
---------------+----------------+-----
Stealth        | 5 6 7 |  7.4
Short Blades   | 2 3 4 |  4.2
Dodging        | |  2.1
Spellcasting   | |  2.0
Hexes          | |  4.4

Action                   |  1- 3 |  4- 6 || total
-------------------------+-------+-------++-------
Melee: Dagger            |    82 |    56 ||   138
       Bite              |     6 |     5 ||    11
       Punch             |     1 |       ||     1
 Cast: Ensorcelled Hiber |     3 |     3 ||     6
 Abil: Exsanguinate      |     1 |       ||     1
  Use: Scroll            |     5 |     1 ||     6
       Potion            |       |     3 ||     3
 Stab: Sleeping          |    21 |     6 ||    27
       Invisible         |       |     3 ||     3
Armor: Robe              |     4 |       ||     4
       Leather armour    |    11 |    13 ||    24
Dodge: Dodged            |    45 |    22 ||    67
